 Dungeon Crawl Stone Soup version 0.17-a0-1181-gabc46e6 (webtiles) character file.

5785 wotan the Grappler (level 10, -8/86 HPs)
             Began as a Ghoul Monk on May 31, 2015.
             Was an Elder of Makhleb.
             Killed from afar by Harold (20 damage)
             ... with a bolt of fire
             ... on level 10 of the Dungeon.
             The game lasted 01:11:11 (10345 turns).

wotan the Grappler (Ghoul Monk)                    Turns: 10345, Time: 01:11:11

Health: -8/86      AC: 14    Str: 16    XL:     10   Next: 78%
Magic:  12/12      EV: 12    Int: 14    God:    Makhleb [****..]
Gold:   1144       SH:  5    Dex: 14    Spells: 1 memorised, 8 levels left

rFire  . . .     SeeInvis .       - Unarmed
rCold  + . .     Clarity  .     l - +2 ring mail {rPois}
rNeg   + + +     SustAt   .     j - +0 buckler
rPois  ∞         Gourm    .     y - +2 helmet
rElec  .         Spirit   .     D - +2 cloak {MR+}
rCorr  .         Warding  .     (no gloves)
rMut   .         Stasis   .     (no boots)
MR     +....                    (no amulet)
Stlth  ..........               p - ring of Imira {rF- rN+ Int+9 Stlth-}
                                o - ring of protection from fire

@: very slightly contaminated, rotting, somewhat resistant to hostile
enchantments, extremely unstealthy
A: rotting body, claws 1, carnivore 3, cold resistance 1, negative energy
resistance 3, slow healing 1, torment resistance, unbreathing
a: Minor Destruction, Lesser Servant of Makhleb, Major Destruction, Renounce
Religion


You were on level 10 of the Dungeon.
You worshipped Makhleb.
Makhleb was greatly pleased with you.
You were not hungry.

You visited 3 branches of the dungeon, and saw 16 of its levels.

You collected 1144 gold pieces.

Inventory:

Missiles
 i - 362 stones
 r - 21 tomahawks (quivered)
Armour
 j - a +0 buckler (worn)
 l - a +2 ring mail of poison resistance (worn)
 y - a +2 helmet (worn)
 D - a +2 cloak of magic resistance (worn)
Jewellery
 o - a ring of protection from fire (left claw)
 p - the ring of Imira (right claw) {rF- rN+ Int+9 Stlth-}
   (You found it on level 4 of the Dungeon)

   [ring of positive energy]

   It affects your intelligence (+9).
   It makes you vulnerable to fire.
   It protects you from negative energy.
   It makes you less stealthy.
Magical devices
 e - a wand of teleportation (2)
 g - a wand of slowing (33)
 t - a wand of lightning (3)
 F - a wand of random effects (25)
 G - a wand of digging (9)
 H - a wand of digging (14)
Scrolls
 d - 2 scrolls of remove curse
 x - a scroll of fog
Potions
 c - a potion of might {unknown}
 m - a potion of mutation {unknown}
 q - 2 potions of resistance {unknown}
 s - a potion of degeneration {unknown}
 u - a potion of curing
 v - a potion of lignification {unknown}
 w - 2 potions of haste
 z - a potion of poison {unknown}
 B - a potion of magic {unknown}
 C - 2 potions of agility
Books
 k - a book of Clouds

   Spells                             Type                      Level
   a - Mephitic Cloud                 Conjuration/Poison/Air       3
   b - Conjure Flame                  Conjuration/Fire             3
   c - Poisonous Cloud                Conjuration/Poison/Air       6
   d - Freezing Cloud                 Conjuration/Ice/Air          6
   e - Ring of Flames                 Charms/Fire                  7
 n - a book of Summonings

   Spells                             Type                      Level
   a - Recall                         Summoning/Translocation      3
   b - Aura of Abjuration             Summoning                    5
   c - Shadow Creatures               Summoning                    5
   d - Summon Demon                   Summoning                    5
   e - Summon Forest                  Summoning/Translocation      5
   f - Summon Mana Viper              Hexes/Summoning              5
 I - a book of Necromancy

   Spells                             Type                      Level
   a - Pain                           Necromancy                   1
   b - Animate Skeleton               Necromancy                   1
   c - Vampiric Draining              Necromancy                   3
   d - Regeneration                   Charms/Necromancy            3
   e - Animate Dead                   Necromancy                   4
   f - Control Undead                 Necromancy                   4
Comestibles
 a - 9 beef jerkies
 b - 3 meat rations
 h - a slice of pizza
 A - a royal jelly
 E - 2 chunks of flesh


   Skills:
 - Level 7.0 Fighting
 - Level 5.8 Armour
 - Level 2.7 Dodging
 - Level 2.1 Stealth
 - Level 5.6 Shields
 - Level 12.1 Unarmed Combat
 + Level 5.3 Invocations


You had 8 spell levels left.
You knew the following spells:

 Your Spells              Type           Power        Failure   Level  Hunger
a - Animate Skeleton      Necr           N/A          52%         1    ##.....


Dungeon Overview and Level Annotations

Branches:
Dungeon (11/15)            Temple (1/1) D:7             Orc (4/4) D:9
    Elf (0/3) Orc:3
   Lair: D:8-11

Altars:
Ashenzari
Cheibriados
Dithmenos
Elyvilon
Fedhas
Gozag
Kikubaaqudgha
Makhleb
Nemelex Xobeh
Okawaru
Qazlal
Ru
Sif Muna
Trog
Vehumet
Xom
Yredelemnul
Zin
The Shining One
Beogh

Shops:
D:3 [   D:4 [}%[   D:7 ?   Orc:1 **(   Orc:3 }   Orc:4 :

Annotations:
D:10 Harold, Snorg


Innate Abilities, Weirdness & Mutations

Your body is rotting away.
You thrive on raw meat.
You are immune to poison.
You have sharp fingernails.
You are carnivorous and can eat meat at any time.
Your flesh is cold resistant.
You are immune to negative energy.
You heal slowly when monsters are visible.
You are immune to unholy pain and torment.
You can survive without breathing.


Message History

Your smoke demon barely misses the ice beast.
Your smoke demon hits the ice beast but does no damage.
Your smoke demon barely misses the ice beast.
The ice beast hits your smoke demon. The ice beast freezes your smoke demon!
You scratch Harold.
Harold is severely wounded.
You block Harold's attack.
The hill giant hits your smoke demon with a giant club!!
Your smoke demon dies!
Use which ability? (? or * to list)
A demon appears!
You feel slightly more hungry. Harold hits you with a short sword!
* * * LOW HITPOINT WARNING * * *
You block Harold's attack.
Your smoke demon hits Harold!
Your smoke demon hits Harold.
Your smoke demon hits Harold but does no damage.
You see here a bread ration.
Harold casts a spell at you. The bolt of fire hits you!
You die...

#.# #..# #.# #..# #.# #..# #.#
#..# #.# #..# #.# #..#
#.###################..########
#...>......C.@3(............§..
#..........Y.%@................
###############################
###############################
#......>.......................
#..............................


You could see Harold (bleeding), a hill giant, an ice beast and a friendly smoke
demon.

Vanquished Creatures
  An orange demon (Orc:2)
  The ghost of Vikmgn the Digger, an experienced GrEE of Vehumet (D:4)
  A troll (Orc:2)
  Grinder (D:5)
  2 yaks (D:9)
  A hungry ghost (D:7)
  A wraith (D:9)
  4 orc warriors
  3 water moccasins
  A necrophage (D:9)
  A wasp (D:9)
  A black bear (D:8)
  A sky beast (D:8)
  An eye of draining (D:9)
  5 ogres
  A crocodile (D:9)
  A centaur (D:9)
  A big kobold (D:9)
  6 giant frogs
  9 killer bees
  5 wights (D:7)
  A giant frog zombie (D:9)
  10 orc priests
  7 jellies
  2 crimson imps
  2 iguanas
  2 giant frog skeletons
  8 orc wizards
  4 worker ants
  A hound skeleton (D:4)
  2 hound zombies (D:9)
  13 adders
  5 gnolls (D:7)
  A shadow imp (D:7)
  3 oozes (D:1)
  An adder zombie (D:6)
  2 adder skeletons
  4 worms
  2 giant geckos (D:3)
  88 orcs
  3 ball pythons
  11 bats
  2 giant cockroaches
  10 goblins
  10 hobgoblins
  14 jackals
  8 quokkas
  2 giant newts
  A jackal zombie (D:7)
  15 kobolds
  A quokka zombie (D:5)
  13 rats
296 creatures vanquished.

Vanquished Creatures (collateral kills)
  An orc sorcerer (Orc:2)
  Maurice (D:9)
  A yak (D:9)
  A killer bee (D:9)
  An orc wizard (Orc:2)
  An ufetubus (D:9)
  An orc (Orc:2)
  A hobgoblin (Orc:2)
8 creatures vanquished.

Vanquished Creatures (others)
  2 orange demons
  A smoke demon (D:10)
  2 hellwings (D:10)
  3 ynoxinuls
  2 neqoxecs
  A shadow imp (D:10)
  3 ufetubi
14 creatures vanquished.

Grand Total: 318 creatures vanquished

Notes
Turn   | Place    | Note
--------------------------------------------------------------
     0 | D:1      | wotan the Ghoul Monk began the quest for the Orb.
     0 | D:1      | Reached XP level 1. HP: 19/19 MP: 0/0
   209 | D:1      | Reached XP level 2. HP: 19/26 MP: 1/1
   272 | D:1      | Reached skill level 5 in Unarmed Combat
   498 | D:1      | Reached XP level 3. HP: 31/31 MP: 2/2
  1219 | D:2      | Reached XP level 4. HP: 28/38 MP: 3/3
  1308 | D:2      | Reached skill level 6 in Unarmed Combat
  1581 | D:3      | Reached skill level 1 in Armour
  1729 | D:3      | Found a basalt altar of Yredelemnul.
  1770 | D:3      | Found a glowing golden altar of the Shining One.
  1929 | D:3      | Reached XP level 5. HP: 36/44 MP: 4/4
  2381 | D:4      | Reached XP level 6. HP: 51/51 MP: 5/5
  2390 | D:4      | Noticed an ogre
  2397 | D:4      | Killed an ogre
  2407 | D:4      | Noticed Vikmgn's ghost (experienced GrEE)
  2436 | D:4      | Found Rirph's Armour Shop.
  2561 | D:4      | Found Essoge Kest's Food Emporium.
  2574 | D:4      | Found Fuifyug's Armour Boutique.
  2650 | D:4      | Got a sparkling turquoise ring
  2651 | D:4      | Identified the ring of Imira {rF- rN+ Int+9 Stlth-} (You found it on level 4 of the Dungeon)
  2814 | D:4      | Found Xiekai's Gadget Boutique.
  2854 | D:4      | Reached skill level 5 in Armour
  2965 | D:5      | Entered Level 5 of the Dungeon
  2975 | D:5      | Reached XP level 7. HP: 55/57 MP: 6/6
  3147 | D:5      | Noticed Grinder
  3177 | D:5      | Killed Grinder
  3833 | D:6      | Reached XP level 8. HP: 40/62 MP: 7/7
  4158 | D:6      | Reached skill level 5 in Shields
  4311 | D:6      | Found a stormy altar of Qazlal.
  4397 | D:6      | Found a sparkling altar of Nemelex Xobeh.
  4397 | D:6      | Found a glowing silver altar of Zin.
  4545 | D:7      | Reached skill level 7 in Unarmed Combat
  4574 | D:7      | Found a staircase to the Ecumenical Temple.
  4583 | Temple   | Entered the Ecumenical Temple
  4704 | Temple   | Became a worshipper of Makhleb the Destroyer
  4704 | Temple   | Acquired Makhleb's first power
  4704 | Temple   | Acquired Makhleb's second power
  4973 | D:7      | Reached skill level 8 in Unarmed Combat
  5140 | D:7      | Reached XP level 9. HP: 52/70 MP: 8/8
  5153 | D:7      | Reached skill level 9 in Unarmed Combat
  5189 | D:7      | Found Hiant's Magic Scroll Boutique.
  5678 | D:8      | Found a sacrificial altar of Ru.
  5910 | D:8      | Found a blossoming altar of Fedhas.
  6014 | D:8      | Reached skill level 10 in Unarmed Combat
  6169 | D:9      | Acquired Makhleb's third power
  6227 | D:9      | Found a staircase to the Orcish Mines.
  6292 | D:9      | Noticed Maurice
  6433 | D:9      | Reached skill level 11 in Unarmed Combat
  6516 | D:9      | Reached skill level 1 in Invocations
  6795 | D:4      | Killed Vikmgn's ghost
  6982 | D:9      | Reached skill level 5 in Invocations
  7021 | D:9      | Learned a level 1 spell: Animate Skeleton
  7073 | D:9      | Reached XP level 10. HP: 77/77 MP: 12/12
  7291 | D:9      | Killed Maurice
  7291 | D:9      | Reached skill level 5 in Fighting
  7538 | D:10     | Entered Level 10 of the Dungeon
  7545 | D:10     | Noticed a hill giant
  7596 | D:10     | Noticed Snorg
  7730 | Orc:1    | Entered Level 1 of the Orcish Mines
  7870 | Orc:1    | Found Fastruramo's Assorted Antiques.
  7965 | Orc:1    | Found Isotoqu's Assorted Antiques.
  7984 | Orc:1    | Acquired Makhleb's fourth power
  8015 | Orc:1    | Found Upnaots's Antique Weapon Emporium.
  8174 | Orc:2    | Noticed an orc sorcerer
  8659 | Orc:3    | Found a roughly hewn altar of Beogh.
  8678 | Orc:2    | Acquired Makhleb's fifth power
  8752 | Orc:3    | Found a staircase to the Elven Halls.
  8802 | Orc:4    | Entered Level 4 of the Orcish Mines
  8802 | Orc:4    | Found Etuops's Book Boutique.
  8989 | Orc:3    | Found Vadaurav's Gadget Boutique.
  9229 | Orc:2    | Killed an orc sorcerer
  9309 | Orc:2    | Found a roughly hewn altar of Beogh.
  9313 | Orc:2    | Noticed a deep troll
  9313 | Orc:2    | Noticed an orc warlord
  9313 | Orc:2    | Noticed an orc warlord
  9314 | Orc:2    | Noticed a deep troll
  9474 | D:9      | Reached skill level 12 in Unarmed Combat
 10148 | D:10     | Noticed Harold
 10309 | D:10     | HP: 3/86 [Harold/wand of fire (16)]
 10345 | D:10     | Killed from afar by Harold

Vault maps used:
D:1:      scummos_arrival_star, amethyst_killhole, lemuel_flame_loot_1
D:2:      roderic_cross_of_infinity, hangedman_decor_riveting,
          serial_park_tiny_2
D:3:      nicolae_overflow_crystal_walls, overflow_temple_1_default, first_bread
D:4:      serial_shops, shop, shop, nicolae_shop_waterfront,
          nicolae_shop_competitors_out_of_business, kennysheep_big_empty_room,
          dk_noncrumbling_4, minmay_misc_feat_room
D:5:      hangedman_decor_peaks_small, uniq_grinder
D:6:      lemuel_crystal_altar, gammafunk_temple_overflow_pools
D:7:      temple_statues, serial_shops, kennysheep_mini_moat, grunt_ogre_cave
D:8:      overflow_temple_1_default, lemuel_doored_altar
D:9:      david_orc_3, uniq_maurice
D:10:     lemuel_flame_loot_2, uniq_harold, uniq_snorg
D:11:     kennysheep_town
Temple:   jpeg_temple_clearing_12
Orc:1:    serial_shops, nicolae_shop_overgrown_old_shop, shop,
          nicolae_shop_crystal
Orc:2:    trap_god_beogh, serial_shops, shop
Orc:3:    serial_shops, shop, shop_fountains, shop, shop, shop, basic_altar,
          nicolae_orc_pool_cavern
Orc:4:    grunt_orc_community_town_hall, grunt_orc_community_big_house_1,
          grunt_orc_community_big_house_1, grunt_orc_community_house_3,
          grunt_orc_community_house_1, grunt_orc_community_house_3,
          grunt_orc_community_house_1, grunt_orc_community_house_2,
          grunt_orc_community_house_2, basic_altar, serial_shops,
          nicolae_shop_waterfront

Action                   |  1- 3 |  4- 6 |  7- 9 | 10-12 || total
-------------------------+-------+-------+-------+-------++-------
Melee: Unarmed           |    91 |   212 |   540 |   306 ||  1149
Throw: Stone             |     8 |       |     4 |       ||    12
       Tomahawk          |       |       |     2 |     5 ||     7
Invok: Minor Destruction |       |       |     2 |    36 ||    38
       Lesser Servant of |       |       |       |    17 ||    17
  Use: Scroll            |       |     8 |     3 |     7 ||    18
       Potion            |       |       |     2 |     2 ||     4
 Stab: Sleeping          |     7 |     1 |       |       ||     8
       Fleeing           |       |       |     1 |       ||     1
       Distracted        |       |       |       |     1 ||     1
  Eat: Chunk             |     5 |    14 |    26 |    31 ||    76
